 Dungeon Crawl Stone Soup version 0.15-a0-1866-g491fd59 (webtiles) character file.

24 PolkaDot the Caller (level 2, -4/19 HPs)
             Began as a Vampire Summoner on July 4, 2014.
             Slain by Jessica
             ... wielding a +0 dagger
              (7 damage)
             ... on Level 2 of the Dungeon.
             The game lasted 00:03:43 (964 turns).

PolkaDot the Caller (Vampire Summoner)               Turns: 964, Time: 00:03:43

HP  -4/19        AC  2     Str  7      XL: 2   Next: 79%
MP   1/4         EV 11     Int 22      God:
Gold 41          SH  3     Dex 14      Spells:  1 memorised,  4 levels left

rFire  + . .     SeeInvis +     j - +1 dagger (speed)
rCold  . . .     Clarity  .     a - +0 robe
rNeg   . . .     rCorr    .     e - +0 buckler
rPois  .         rRot     .     (no helmet)
rElec  .         Spirit   .     (no cloak)
SustAb .         Warding  .     (no gloves)
rMut   .         Stasis   .     (no boots)
Gourm  .                        (no amulet)
MR     .....                    (no ring)
                                g - ring of protection from fire

@: brilliant, regenerating quickly, not resistant to hostile enchantments,
unstealthy
A: fangs 3, see invisible, unbreathing
a: no special abilities


You were on level 2 of the Dungeon.
You were very full.

You visited 1 branch of the dungeon, and saw 2 of its levels.

You collected 41 gold pieces.

Inventory:

Hand weapons
 j - a +1 dagger of speed (weapon)
Armour
 a - a +0 robe (worn)
 e - a +0 buckler (worn)
Jewellery
 g - a ring of protection from fire (left hand)
 i - an uncursed ring of teleportation
Potions
 c - a potion of heal wounds
 d - a potion of haste
Books
 b - a book of Callings

   Spells                             Type                      Level
   *Summon Small Mammal               Summoning                    1
   Call Imp                           Summoning                    2
   Call Canine Familiar               Summoning                    3
   Summon Guardian Golem              Hexes/Summoning              4
   Summon Lightning Spire             Summoning/Air                4
   Summon Ice Beast                   Ice/Summoning                4


   Skills:
 - Level 1.2 Short Blades
 - Level 2.1 Dodging
 - Level 3.0 Stealth
 + Level 0.0 Shields
 - Level 2.0 Spellcasting
 * Level 4.6 Summonings


You had 4 spell levels left.
You knew the following spells:

 Your Spells              Type           Power        Failure   Level  Hunger
a - Summon Small Mammal   Summ           ####         1%          1    #......


Dungeon Overview and Level Annotations

Branches:
Dungeon (2/15)

Altars:
Nemelex Xobeh

Annotations:
D:2 Jessica


Innate Abilities, Weirdness & Mutations

Your natural rate of healing is unusually fast.
You have razor-sharp teeth.
You have supernaturally acute eyesight.
You can survive without breathing.


Message History

Jessica misses you.
You hit Jessica but do no damage.
Jessica is severely wounded.
Jessica gestures at you while chanting. Pain shoots through your body!
You hit Jessica but do no damage.
Jessica is severely wounded.
Jessica barely misses you.
You hit Jessica but do no damage. You bite Jessica.
Jessica is almost dead.
Jessica grins evilly.
Jessica hits you but does no damage.
You completely miss Jessica. Your bite misses Jessica.
Jessica is severely wounded.
Jessica hits you with a dagger.
* * * LOW HITPOINT WARNING * * *
You closely miss Jessica.
Jessica is severely wounded.
Jessica hits you with a dagger!
You die...

### #.. #.# #.#
#.# #.#
########.#####
#............#
#.####..@..#.#
#.# #.#@#.......
#.# #.#.###....
#.# #.#.#######
#.####...........
#..%.....#######
###.###..#.#
#...<....#.#
#.#.###..#.#


You could see Jessica.

Vanquished Creatures
  A giant cockroach (D:1)
  2 goblins (D:1)
  2 hobgoblins (D:1)
  A ball python (D:1)
  4 bats (D:1)
  2 giant newts (D:1)
  3 kobolds (D:1)
  4 rats (D:1)
19 creatures vanquished.

Vanquished Creatures (collateral kills)
  A giant gecko (D:1)
  An ooze (D:1)
  A goblin (D:1)
  3 kobolds (D:1)
6 creatures vanquished.

Vanquished Creatures (others)
  A quokka (D:1)
  3 bats (D:2)
  A rat (D:2)
5 creatures vanquished.

Grand Total: 30 creatures vanquished

Notes
Turn   | Place    | Note
--------------------------------------------------------------
     0 | D:1      | PolkaDot, the Vampire Summoner, began the quest for the Orb.
     0 | D:1      | Reached XP level 1. HP: 13/13 MP: 3/3
   363 | D:1      | Reached XP level 2. HP: 5/19 MP: 4/4
   428 | D:1      | Reached skill level 1 in Short Blades
   456 | D:1      | Found a sparkling altar of Nemelex Xobeh.
   937 | D:2      | Noticed Jessica
   964 | D:2      | Slain by Jessica

Action                   || total
-------------------------++-------
Melee: Unarmed           ||    22
       Dagger            ||    79
 Cast: Summon Small Mamm ||    19
  Use: Potion            ||     2
       Scroll            ||     3
